 Dungeon Sprint DCSS version 0.23-a0-629-gae4348f (webtiles) character file.

591 JosiahThimblerig the Cleaver (level 7, -10/70 HPs)
             Began as a Hill Orc Fighter on Dec 25, 2018.
             Was an Initiate of Vehumet.
             Mangled by a chaos spawn (17 damage)
             ... summoned by a kobold demonologist
             ... while paralysed by a floating eye
             ... in the Dungeon (Sprint I: "Red Sonja").
             The game lasted 00:06:28 (803 turns).

JosiahThimblerig the Cleaver (Hill Orc Fighter)      Turns: 803, Time: 00:06:29

Health: -10/70     AC: -3    Str: 19    XL:     7   Next: 39%
Magic:  7/7        EV:  2    Int:  9    God:    Vehumet [......]
Gold:   110        SH:  0    Dex: 11    Spells: 6/6 levels left

rFire    . . .     SeeInvis .   a - +0 war axe
rCold    . . .     Gourm    .   c - +0 shield
rNeg     . . .     Faith    .   b - +0 scale mail
rPois    .         Spirit   .   (no helmet)
rElec    .         Reflect  .   (no cloak)
rCorr    .         Harm     .   (no gloves)
MR       .....     NoTele   +   (no boots)
Stlth    ..........             (no amulet)
HPRegen  0.21/turn              (no ring)
MPRegen  0.10/turn              (no ring)

@: paralysed, corroded
A: no striking features
a: Renounce Religion


You were in the Dungeon.
You worshipped Vehumet.
Vehumet was noncommittal.
You were not hungry.

You visited 1 branch You collected 422 gold pieces.
You spent 312 gold pieces at shops.

Inventory:

Hand Weapons
 a - a +0 war axe (weapon)
 n - a +0 giant club
 o - a +0 scythe
Missiles
 g - 12 sling bullets
Armour
 b - a +0 scale mail (worn)
 c - a +0 shield (worn)
 m - a +0 ring mail
 p - a +0 robe
 u - a +0 robe
Wands
 l - a wand of digging (7)
Scrolls
 k - a scroll of blinking
Potions
 d - a potion of might
 e - 3 potions of curing
 h - a potion of haste
 i - 2 potions of magic
 j - a potion of berserk rage
 q - a potion of heal wounds
 r - a potion of invisibility
 s - a potion of flight
 t - a potion of agility
Comestibles
 f - a ration


   Skills:
 + Level 9.4 Fighting
 + Level 11.3 Axes
 + Level 9.7 Armour
 + Level 1.0 Dodging
 + Level 7.9 Shields


You had 6 spell levels left.
You didn't know any spells.
Your spell library was empty.

Dungeon Overview and Level Annotations

Branches:
Dungeon (1/1)

Altars:
Cheibriados
Dithmenos
Elyvilon
Fedhas
Gozag
Hepliaklqana
Kikubaaqudgha
Makhleb
Nemelex Xobeh
Okawaru
Qazlal
Ru
Sif Muna
Trog
Uskayaw
Vehumet
Wu Jian
Xom
Yredelemnul
Zin
The Shining One
Jiyva
Lugonu

Shops:
D !


Message History

The kobold demonologist is almost dead.
You barely miss the kobold demonologist.
You hit the rust devil but do no damage.
You closely miss the chaos spawn. The rust devil hits you!
The rust devil corrodes you! The chaos spawn gores you.
The floating eye gazes piercingly through you!
You suddenly lose the ability to move!
The kobold demonologist hits you with a +0 dagger.
The kobold demonologist mumbles some strange words.
The chaos spawn hits you!
* * * LOW HITPOINT WARNING * * *
The chaos spawn shocks you.
* * * LOW HITPOINT WARNING * * *
The rust devil completely misses you.
The kobold demonologist hits you with a +0 dagger.
* * * LOW HITPOINT WARNING * * *
The kobold demonologist hits you with a +0 dagger.
* * * LOW HITPOINT WARNING * * *
The chaos spawn hits you!
You die...

######################
..'..#..'..#__#4KK3..#
..#..'..#..'^.'4@#.4.#
####'#####'#__####...+
###..#...#.#### ####
__####..##.#
_____##'#_.+
_.∩...'..._#
_..__##_.#'#
_____###+#.# ######
###


You could see a sun demon, a rust devil, 2 kobold demonologists and a chaos
spawn.

Vanquished Creatures
  A slime creature (D)
  Sigmund (D)
  A yak (D)
  An ogre (D)
  A jelly (D)
  Ijyb (D)
6 creatures vanquished.

Notes
Turn   | Place    | Note
-------+----------+-------------------------------------------
     0 | D        | JosiahThimblerig the Hill Orc Fighter began the quest for
                  | the Orb.
     0 | D        | Reached XP level 1. HP: 19/19 MP: 1/1
     2 | D        | Noticed Ijyb
    31 | D        | Killed Ijyb
    31 | D        | Reached skill level 5 in Fighting
    31 | D        | Reached skill level 4 in Axes
    31 | D        | Reached XP level 2. HP: 8/29 MP: 2/2
   260 | D        | Noticed an ogre
   270 | D        | Killed an ogre
   270 | D        | Reached skill level 6 in Axes
   270 | D        | Reached skill level 5 in Shields
   270 | D        | Reached XP level 3. HP: 14/38 MP: 3/3
   270 | D        | Reached XP level 4. HP: 17/45 MP: 4/4
   461 | D        | Noticed Sigmund
   472 | D        | Killed Sigmund
   472 | D        | Reached skill level 8 in Axes
   472 | D        | Reached XP level 5. HP: 43/53 MP: 5/5
   472 | D        | Reached XP level 6. HP: 50/61 MP: 6/6
   535 | D        | Found a burning altar of Makhleb.
   535 | D        | Found a viscous altar of Jiyva.
   535 | D        | Found a shimmering altar of Xom.
   535 | D        | Found a corrupted altar of Lugonu.
   535 | D        | Noticed a slime creature
   542 | D        | Killed a slime creature
   542 | D        | Reached skill level 10 in Axes
   550 | D        | Found an ornate altar of the Wu Jian Council.
   550 | D        | Found a deep blue altar of Sif Muna.
   552 | D        | Found a radiant altar of Vehumet.
   556 | D        | Reached XP level 7. HP: 41/70 MP: 7/7
   708 | D        | Became a worshipper of Vehumet
   709 | D        | Found Roimit's Distillery.
   709 | D        | Found an ancient bone altar of Kikubaaqudgha.
   709 | D        | Found a stormy altar of Qazlal.
   709 | D        | Found a blossoming altar of Fedhas.
   709 | D        | Found a bloodstained altar of Trog.
   709 | D        | Found an iron altar of Okawaru.
   709 | D        | Found a glowing golden altar of the Shining One.
   709 | D        | Found a glowing silver altar of Zin.
   709 | D        | Found a white marble altar of Elyvilon.
   709 | D        | Noticed a yak
   715 | D        | Killed a yak
   715 | D        | Reached skill level 11 in Axes
   715 | D        | Reached skill level 1 in Dodging
   716 | D        | Found a hazy altar of Hepliaklqana.
   716 | D        | Found a hide-covered altar of Uskayaw.
   716 | D        | Found a basalt altar of Yredelemnul.
   716 | D        | Found an opulent altar of Gozag.
   716 | D        | Found a snail-covered altar of Cheibriados.
   716 | D        | Found a sacrificial altar of Ru.
   716 | D        | Found a shadowy altar of Dithmenos.
   717 | D        | Found a sparkling altar of Nemelex Xobeh.
   721 | D        | Bought a potion of heal wounds for 60 gold pieces
   721 | D        | Bought a potion of invisibility for 96 gold pieces
   721 | D        | Bought a potion of flight for 36 gold pieces
   721 | D        | Bought a potion of curing for 36 gold pieces
   721 | D        | Bought a potion of agility for 48 gold pieces
   721 | D        | Bought a potion of curing for 36 gold pieces
   792 | D        | Noticed a kobold demonologist
   793 | D        | Noticed a kobold demonologist
   797 | D        | Noticed a rust devil
   798 | D        | Noticed a chaos spawn
   801 | D        | Paralysed by a floating eye for 3 turns
   802 | D        | Noticed an ice devil
   803 | D        | Noticed a sun demon
   803 | D        | Mangled by a chaos spawn

Vault maps used:
D:        dungeon_sprint_1

Skill      XL: |  1  2  3  4  5  6  7 |
---------------+----------------------+-----
Fighting       | 5 6 8 9 |  9.4
Axes           | 4 6 8 10 11 | 11.3
Armour         | 4 6 7 9 |  9.7
Shields        | 4 5 6 7 |  7.9
Dodging        | 1 |  1.0

Action                   |  1- 3 |  4- 6 |  7- 9 || total
-------------------------+-------+-------+-------++-------
Melee: War axe           |    38 |    19 |    13 ||    70
  Use: Potion            |     1 |       |       ||     1
Armor: Scale mail        |    10 |     4 |     7 ||    21
Dodge: Dodged            |    11 |     4 |     2 ||    17
Block: Shield            |    16 |     4 |     4 ||    24

Table legend:
 A = Non-vault XP
 B = Vault XP
 C = Vault XP percentage of total XP
 D = Non-vault monster count
 E = Vault monster count
 F = Vault count percentage of total count
                 A         B        C        D         E       F
            +---------+---------+-------+---------+---------+-------
      Total |       0 |     845 | 100.0 |       0 |       6 | 100.0
            +---------+---------+-------+---------+---------+-------
          D |       0 |     845 | 100.0 |       0 |       6 | 100.0
            +---------+---------+-------+---------+---------+-------
